[Event "Titled Tuesday Blitz March 14 Late 2023"]
[White "Skytte, Rasmus"]
[Black "Averjanov, Alexey"]
[WhiteFideId "1404210"]
[BlackFideId "14109867"]
[WhiteElo "2418"]
[BlackElo "2719"]
[Result "0-1"]
[Round "05"]
[TimeControl "180+1"]
[Date "2023.03.14"]
[WhiteClock "0:00:03"]
[BlackClock "0:00:17"]

1. e4 c6 2. d4 d5 3. Nc3 dxe4 4. Nxe4 Bf5 5. Ng3 Bg6 6. h4 h6 7. Nh3 Nf6 8. Nf4 Bh7 9. Bc4 e6 10. O-O Bd6 11. Ngh5 Nxh5 12. Nxh5 O-O 13. Qg4 Bg6 14. Nxg7 Kh7 15. Nh5 Rg8 16. Qf3 Nd7 17. Qe3 Bf8 18. Nf4 Qxh4 19. g3 Bf5 20. Bd3 Qf6 21. Nh5 Qg6 22. Nf4 Qf6 23. Nh5 Qg6 24. Nf4 Qg4 25. c4 Bxd3 26. Qxd3+ Kh8 27. Bd2 Bd6 28. Ng2 Rg6 29. Bc3 Rag8 30. d5+ e5 31. Rae1 Qh3 32. dxc6 bxc6 33. Qe3 Bc5 34. Bxe5+ f6 35. Bd4 Ne5 36. Bxe5 Bxe3 37. Rxe3 fxe5 38. Rxe5 Qd7 39. Re3 Re6 40. Nf4 Rxe3 41. fxe3 Rxg3+ 42. Kf2 Qg4 43. Ng6+ Qxg6 44. Rg1 Rxg1 45. Kf3 Qg4+ 46. Kf2 Rg2+ 47. Kf1 Qe2# 0-1


[Site "https://www.chess.com"]

[Event "Titled Tuesday Blitz March 14 Late 2023"]
[White "Smith, Garrett L"]
[Black "Heinemann, Josefine"]
[WhiteFideId "2024829"]
[BlackFideId "12900460"]
[WhiteElo "2287"]
[BlackElo "2342"]
[Result "0-1"]
[Round "05"]
[TimeControl "180+1"]
[Date "2023.03.14"]
[WhiteClock "0:00:05"]
[BlackClock "0:00:06"]

1. e4 c5 2. a3 g6 3. b4 Bg7 4. Nc3 cxb4 5. axb4 d6 6. Nf3 Nf6 7. Rb1 O-O 8. d4 a6 9. Be2 Nc6 10. O-O Bg4 11. Be3 Rc8 12. Qd3 b5 13. Rb3 Nd7 14. Ra1 Ncb8 15. h3 Bxf3 16. Bxf3 Nb6 17. d5 Nc4 18. Bd4 Qc7 19. Bxg7 Kxg7 20. Qd4+ Kg8 21. Be2 Qb7 22. Bg4 Rc7 23. f4 Nd7 24. Ne2 Nf6 25. Bf3 Rd8 26. g4 Qa7 27. Kg2 Qb7 28. Qd3 h6 29. Nd4 g5 30. Nc6 Re8 31. fxg5 hxg5 32. Qd4 Ne5 33. Rba3 Nxc6 34. dxc6 Rxc6 35. Qd2 Qc7 36. Qxg5+ Kh8 37. Qh6+ Kg8 38. Qg5+ Kh8 39. c3 Rxc3 40. Rxc3 Qxc3 41. Rxa6 Qxb4 42. Qh6+ Nh7 43. Ra2 Qc4 44. Rf2 Qd4 45. h4 b4 46. Qc1 b3 47. Rd2 Qe5 48. Rb2 Rb8 49. Qd2 Nf6 50. Qh6+ Kg8 51. Qd2 Nxe4 52. Qe2 Nf6 53. Qd2 d5 54. g5 Ne4 0-1


[Site "https://www.chess.com"]

[Event "Titled Tuesday Blitz March 14 Late 2023"]
[White "Steinberg, Nitzan"]
[Black "Sarana, Alexey"]
[WhiteFideId "2801795"]
[BlackFideId "24133795"]
[WhiteElo "2486"]
[BlackElo "2714"]
[Result "1-0"]
[Round "05"]
[TimeControl "180+1"]
[Date "2023.03.14"]
[WhiteClock "0:00:52"]
[BlackClock "0:02:25"]

1. e4 e5 2. Nf3 Nc6 3. Bb5 a6 4. Ba4 b5 5. Bb3 Na5 6. O-O d6 7. d4 exd4 8. Nxd4 Bb7 9. Bd2 Nxb3 10. Nxb3 Nf6 11. Re1 Be7 12. Na5 Rb8 13. Nxb7 Rxb7 14. Bf4 O-O 15. Nc3 b4 16. Nd5 Nxd5 17. Qxd5 Rb5 18. Qc6 Rb6 19. Qc4 Bf6 20. e5 d5 21. Qd3 Be7 22. Rad1 Rb5 23. g3 Qd7 24. h4 Qe6 25. Kg2 c6 26. Bc1 a5 27. f4 f5 28. exf6 Qf5 29. Qxf5 1-0


[Site "https://www.chess.com"]

[Event "Titled Tuesday Blitz March 14 Late 2023"]
[White "Subelj, Jan"]
[Black "Martinez Alcantara, Jose Eduardo"]
[WhiteFideId "14618583"]
[BlackFideId "3805662"]
[WhiteElo "2474"]
[BlackElo "2712"]
[Result "1-0"]
[Round "05"]
[TimeControl "180+1"]
[Date "2023.03.14"]
[WhiteClock "0:00:18"]
[BlackClock "0:00:02"]

1. e4 c5 2. Na3 e6 3. Nf3 a6 4. c4 Nc6 5. Nc2 Nf6 6. d3 d5 7. e5 Nd7 8. Bf4 Be7 9. d4 O-O 10. cxd5 exd5 11. Bd3 Qb6 12. O-O cxd4 13. Ncxd4 Nc5 14. b3 Bg4 15. Bf5 Bh5 16. g4 Bg6 17. h4 Nxd4 18. Qxd4 Qb5 19. Rad1 Ne6 20. Qd2 Bb4 21. Qe3 Bc5 22. Qd2 Bb4 23. Qe3 h5 24. Nd4 Nxd4 25. Qxd4 hxg4 26. Bxg6 fxg6 27. Bg3 Be7 28. Qxg4 Qc6 29. Rc1 Qe8 30. Rc7 Kh7 31. Qe6 Rf7 32. Qxd5 Rd8 33. Qxb7 Rb8 34. Qxa6 Ra8 35. Qc4 Rf5 36. Qe6 Bf8 37. Qxe8 Rxe8 38. a4 Rf3 39. Rb1 Ra8 40. Kg2 Rd3 41. Rb7 Bc5 42. Re1 Re8 43. e6 Kg8 44. Re2 Bf8 45. a5 Bc5 46. a6 Ra8 47. e7 Kh7 48. e8=Q Rxe8 49. Rxe8 1-0


[Site "https://www.chess.com"]

[Event "Titled Tuesday Blitz March 14 Late 2023"]
[White "Taboas Rodriguez, Daniel"]
[Black "Biriukov, Ilja"]
[WhiteFideId "2208466"]
[BlackFideId "4113373"]
[WhiteElo "2365"]
[BlackElo "2426"]
[Result "1-0"]
[Round "05"]
[TimeControl "180+1"]
[Date "2023.03.14"]
[WhiteClock "0:00:16"]
[BlackClock "0:00:07"]

1. d4 Nf6 2. Nf3 g6 3. c4 Bg7 4. Nc3 d6 5. e4 O-O 6. Ke2 Nbd7 7. Qc2 e5 8. d5 a5 9. g3 Nc5 10. Bg2 Bg4 11. h3 Bd7 12. Kf1 Nh5 13. Kg1 f5 14. Bg5 Qe8 15. Be3 f4 16. Bxc5 dxc5 17. g4 Nf6 18. Nd2 Qe7 19. f3 Ne8 20. h4 Nd6 21. Kf2 Bf6 22. g5 Bg7 23. Bh3 Bxh3 24. Rxh3 Qd7 25. Rah1 Kf7 26. Qa4 Ke7 27. Qxd7+ Kxd7 28. a4 b6 29. h5 Rh8 30. Kg2 Nf7 31. hxg6 hxg6 32. Rh7 Rxh7 33. Rxh7 Rg8 34. Nb5 Nxg5 35. Rh1 Rh8 36. Rxh8 Bxh8 37. Nf1 Bf6 38. Nh2 Be7 39. Ng4 Bd6 40. Nf2 Ke7 41. Nh3 Nxh3 42. Kxh3 Kf6 43. Kg4 Kf7 44. Nc3 Be7 45. Ne2 Bf6 46. Nc1 Ke7 47. Na2 Kd6 48. Nc3 Be7 49. Nb5+ Kd7 50. Kh3 Bf6 51. Na7 Be7 52. Nc6 Bf6 53. Kg4 Kd6 54. Na7 Kd7 55. Nb5 Be7 56. Nc3 Bf6 57. Nd1 Kd6 58. Nc3 Kd7 59. Na2 Kd6 60. Nc1 Kd7 61. Nd3 Kd6 62. Ne1 Be7 63. Ng2 Bf6 64. Ne1 Ke7 65. Nc2 Kd6 66. Kh3 Ke7 67. Kg2 Kd6 68. Kf2 Bh4+ 69. Ke2 Bg5 70. Na3 Bh4 71. Nb5+ Kd7 72. Kd3 Bf6 73. Kc2 Bh4 74. Nc3 Bg5 75. Ne2 Bh4 76. Ng1 Bf6 77. Nh3 Kd6 78. Nf2 Bg5 79. Ng4 Bh4 80. Kd3 Bg5 81. Ke2 Bh4 82. Kf1 Be7 83. Kg2 Bg5 84. Kh3 Be7 85. Nh6 Bg5 86. Nf7+ Ke7 87. Nxg5 b5 88. Kg4 bxc4 89. Nh3 Kf6 90. Nf2 Kf7 91. Nd1 Kf6 92. Nc3 Ke7 93. Nb5 Kd7 94. Kg5 1-0


[Site "https://www.chess.com"]

[Event "Titled Tuesday Blitz March 14 Late 2023"]
[White "Tanenbaum, Zachary"]
[Black "Hajiyev, Kanan"]
[WhiteFideId "2060850"]
[BlackFideId "13404148"]
[WhiteElo "2175"]
[BlackElo "2103"]
[Result "1-0"]
[Round "05"]
[TimeControl "180+1"]
[Date "2023.03.14"]
[WhiteClock "0:00:34"]
[BlackClock "0:00:04"]

1. e4 c6 2. d4 d5 3. exd5 cxd5 4. Bd3 Nc6 5. c3 Qc7 6. h3 Nf6 7. Nf3 g6 8. Qc2 Bg7 9. O-O O-O 10. Re1 Be6 11. Ng5 Bd7 12. Be3 Rac8 13. Qe2 e5 14. dxe5 Qxe5 15. Nf3 Qh5 16. Nd4 Qh4 17. Nd2 Ne5 18. N2f3 Nxf3+ 19. Qxf3 Rfe8 20. Bf4 Ne4 21. Bxe4 dxe4 22. Rxe4 Rxe4 23. Qxe4 g5 24. Qxb7 gxf4 25. Qxd7 Rd8 26. Qxa7 Bxd4 27. cxd4 f3 28. Qc7 fxg2 29. Qg3+ Qxg3 30. fxg3 Rxd4 31. a4 Rd2 32. Rb1 Kf8 33. a5 Ke7 34. a6 Rd7 35. b4 Kd6 36. Rd1+ 1-0


[Site "https://www.chess.com"]

[Event "Titled Tuesday Blitz March 14 Late 2023"]
[White "Todev, Simeon"]
[Black "Gasparyan, David"]
[WhiteFideId "2925133"]
[BlackFideId "13311980"]
[WhiteElo "1938"]
[BlackElo "2505"]
[Result "1-0"]
[Round "05"]
[TimeControl "180+1"]
[Date "2023.03.14"]
[WhiteClock "0:00:02"]
[BlackClock "0:00:01"]

1. e4 d6 2. d4 Nd7 3. Nc3 g6 4. Nf3 Bg7 5. Be3 c5 6. dxc5 dxc5 7. Bc4 Ngf6 8. O-O O-O 9. e5 Ng4 10. e6 Nxe3 11. exf7+ Kh8 12. fxe3 e6 13. Bxe6 Qe7 14. Bb3 Qxe3+ 15. Kh1 Nb6 16. Re1 Qf4 17. Re8 Bg4 18. Rxa8 Nxa8 19. Qe2 Nb6 20. Re1 c4 21. Qe4 Qxe4 22. Rxe4 Bxf3 23. gxf3 cxb3 24. axb3 Rxf7 25. Re8+ Rf8 26. Re7 Bxc3 27. bxc3 Rxf3 28. c4 Rf1+ 29. Kg2 Rc1 30. Rxb7 Rxc2+ 31. Kg1 Rc3 32. Rxa7 Rxb3 33. c5 Nd5 34. Rd7 Nf6 35. Rf7 Nd5 36. Rd7 Nf4 37. c6 Ne6 38. Re7 Re3 39. c7 Re5 40. c8=Q+ 1-0


[Site "https://www.chess.com"]

[Event "Titled Tuesday Blitz March 14 Late 2023"]
[White "Trakru, Rohun"]
[Black "Friedel, Tom"]
[WhiteFideId "2097613"]
[BlackFideId "2002108"]
[WhiteElo "1852"]
[BlackElo "2284"]
[Result "1-0"]
[Round "05"]
[TimeControl "180+1"]
[Date "2023.03.14"]
[WhiteClock "0:01:18"]
[BlackClock "0:00:19"]

1. e4 c6 2. d4 d5 3. exd5 cxd5 4. Bd3 Nf6 5. c3 Nc6 6. Bf4 g6 7. Nf3 Bg7 8. O-O O-O 9. Re1 Bg4 10. Nbd2 Nh5 11. Be3 e5 12. dxe5 Nxe5 13. Be2 Nxf3+ 14. Nxf3 Re8 15. h3 Be6 16. Nd4 Nf6 17. Bf3 Ne4 18. Qb3 Nc5 19. Qb5 Rc8 20. Nxe6 Nxe6 21. Qxb7 Rb8 22. Qxd5 Rxb2 23. Bxa7 Bxc3 24. Red1 Qxd5 25. Bxd5 Rc2 26. Rac1 Rxa2 1-0


[Site "https://www.chess.com"]

[Event "Titled Tuesday Blitz March 14 Late 2023"]
[White "Tsyhanchuk, Stanislav"]
[Black "Rodrigues, Tiago Pereira"]
[WhiteFideId "13505130"]
[BlackFideId "2101203"]
[WhiteElo "2173"]
[BlackElo "2168"]
[Result "0-1"]
[Round "05"]
[TimeControl "180+1"]
[Date "2023.03.14"]
[WhiteClock "0:00:19"]
[BlackClock "0:01:23"]

1. c4 Nf6 2. Nc3 g6 3. e4 e5 4. d3 d6 5. g3 h5 6. h4 Nc6 7. Bg2 Nd4 8. Be3 c6 9. Bxd4 exd4 10. Nce2 Qa5+ 11. Qd2 Qxd2+ 12. Kxd2 Bh6+ 13. f4 c5 14. Nf3 Ng4 15. b4 Ne3 16. Bh3 Bg4 17. Bxg4 hxg4 18. Ng5 Ke7 19. bxc5 dxc5 20. a4 b6 21. a5 f6 22. Rhb1 Rhb8 23. axb6 axb6 24. Rxa8 Rxa8 25. Rxb6 Ra2+ 26. Ke1 Ra1+ 27. Nc1 Rxc1+ 28. Kd2 Rc2+ 29. Ke1 fxg5 30. hxg5 Bg7 31. Rxg6 Kf7 32. Rc6 Rg2 33. f5 Rxg3 34. f6 Bxf6 35. Rxf6+ Kg7 36. Rc6 Rg1+ 37. Kd2 g3 38. Rxc5 g2 39. Rc7+ Kg6 40. Rc6+ Kxg5 41. Rc5+ Kg4 42. Ke2 Re1+ 43. Kxe1 g1=Q+ 44. Kd2 Qd1# 0-1


[Site "https://www.chess.com"]

[Event "Titled Tuesday Blitz March 14 Late 2023"]
[White "Tymrakiewicz, Rafal"]
[Black "Mirzoev, Azer"]
[WhiteFideId "1108832"]
[BlackFideId "13400304"]
[WhiteElo "2151"]
[BlackElo "2525"]
[Result "0-1"]
[Round "05"]
[TimeControl "180+1"]
[Date "2023.03.14"]
[WhiteClock "0:00:04"]
[BlackClock "0:01:19"]

1. e4 c6 2. d4 d5 3. e5 Bf5 4. Nc3 e6 5. g4 Bg6 6. Nge2 Ne7 7. Be3 Nd7 8. Bg2 h6 9. h4 a6 10. h5 Bh7 11. f4 c5 12. dxc5 Nc6 13. Na4 Nb4 14. Rc1 Qa5 15. c3 Nd3+ 16. Kf1 Nxc1 17. Bxc1 Nxc5 18. Nxc5 Qxc5 19. Rh3 Be7 20. Be3 Qc4 21. b3 Qc7 22. Bd4 Be4 23. Rg3 Bxg2+ 24. Kxg2 Bc5 25. f5 O-O-O 26. b4 Bxd4 27. Qxd4 Kb8 28. Rd3 Rhe8 29. Nf4 exf5 30. Nxd5 Qxe5 31. Qxe5+ Rxe5 32. c4 fxg4 33. Kg3 Rxh5 34. Kxg4 Rg5+ 35. Kf4 g6 36. Re3 Rgxd5 37. cxd5 Rxd5 38. Re7 Rf5+ 39. Ke4 h5 40. a4 h4 41. a5 h3 42. Re8+ Kc7 43. Rh8 Rh5 0-1


[Site "https://www.chess.com"]

[Event "Titled Tuesday Blitz March 14 Late 2023"]
[White "Vachier-Lagrave, Maxime"]
[Black "Rustemov, Alexander"]
[WhiteFideId "623539"]
[BlackFideId "4119002"]
[WhiteElo "2740"]
[BlackElo "2940"]
[Result "1-0"]
[Round "05"]
[TimeControl "180+1"]
[Date "2023.03.14"]
[WhiteClock "0:00:22"]
[BlackClock "0:00:04"]

1. e4 e6 2. d4 d5 3. Nc3 dxe4 4. Nxe4 Bd7 5. Nf3 Bc6 6. Bd3 Nd7 7. Qe2 Ngf6 8. Neg5 Qe7 9. h4 h6 10. Nh3 Bxf3 11. Qxf3 O-O-O 12. O-O Kb8 13. a4 Nd5 14. g3 Qf6 15. Qxf6 N7xf6 16. Be2 a5 17. Rd1 c6 18. Kg2 Bd6 19. Ng1 Rhe8 20. Nf3 Bc7 21. Ne5 Re7 22. Bd2 Nd7 23. Nc4 b6 24. Bf3 Kb7 25. Rab1 N7f6 26. b4 axb4 27. Bxb4 Nxb4 28. Rxb4 Nd5 29. Na5+ Kc8 30. Nxc6 Nxb4 31. Nxe7+ Kd7 32. c3 Kxe7 33. cxb4 Rd6 34. Kf1 Kd8 35. Ke2 e5 36. d5 f5 37. h5 e4 38. Bg2 Rd7 39. Bh3 Rf7 40. d6 Bb8 41. Rd5 Rf6 42. Bxf5 Rxd6 43. Rb5 Bc7 44. Bxe4 Rd4 45. Ke3 Rc4 46. Kd3 Rc1 47. Rf5 Ke7 48. Bd5 Bd6 49. Rf7+ Ke8 50. Rxg7 Bxb4 51. Rg6 Bc5 52. f4 Rg1 53. Ke4 Ke7 54. g4 Bd6 55. Re6+ Kd7 56. Kf5 Rf1 57. Re4 Rf2 58. Bc4 Bc7 59. Bb5+ Kd6 60. Rd4+ Kc5 61. Rc4+ Kd6 62. Rc6+ 1-0


[Site "https://www.chess.com"]

[Event "Titled Tuesday Blitz March 14 Late 2023"]
[White "Van Foreest, Jorden"]
[Black "Piesik, Piotr"]
[WhiteFideId "1039784"]
[BlackFideId "1136194"]
[WhiteElo "2633"]
[BlackElo "2311"]
[Result "1-0"]
[Round "05"]
[TimeControl "180+1"]
[Date "2023.03.14"]
[WhiteClock "0:00:43"]
[BlackClock "0:00:40"]

1. e4 g6 2. d4 Bg7 3. Nc3 c6 4. f4 d5 5. e5 Nh6 6. h3 Nf5 7. Nge2 h5 8. g3 Be6 9. Rg1 c5 10. dxc5 d4 11. Ne4 Bd5 12. Bg2 Nc6 13. Qd3 a6 14. Bd2 Bxe5 15. fxe5 Nxe5 16. Qa3 Nc4 17. Qa4+ Kf8 18. O-O-O e5 19. Bg5 Qc7 20. Bf6 Nfe3 21. Bxh8 Nxd1 22. Rxd1 Ne3 23. Rxd4 Bc6 24. Qb4 Nxg2 25. Rd6 Re8 26. Nf6 Re7 27. Qd2 Re6 28. Rd8+ Ke7 29. Ng8# 1-0


[Site "https://www.chess.com"]

[Event "Titled Tuesday Blitz March 14 Late 2023"]
[White "Visakh N R"]
[Black "Nakamura, Hikaru"]
[WhiteFideId "25012223"]
[BlackFideId "2016192"]
[WhiteElo "2466"]
[BlackElo "2879"]
[Result "0-1"]
[Round "05"]
[TimeControl "180+1"]
[Date "2023.03.14"]
[WhiteClock "0:00:02"]
[BlackClock "0:00:30"]

1. e4 e6 2. d3 d5 3. Nd2 e5 4. Ngf3 Nc6 5. g3 d4 6. Bg2 Be6 7. a3 a5 8. O-O Be7 9. Qe2 Nf6 10. Ng5 Bg4 11. f3 Bh5 12. Nh3 Nd7 13. Qe1 g5 14. Nf2 f6 15. Bh3 Bf7 16. Bf5 Nf8 17. Kh1 Be6 18. f4 Qd7 19. fxg5 fxg5 20. Ng4 h5 21. Bxe6 Qxe6 22. Nf2 g4 23. Qe2 Nh7 24. a4 Ng5 25. Nc4 Nf3 26. Nd2 Nxd2 27. Bxd2 O-O-O 28. h4 gxh3 29. Kh2 Rdg8 30. Rg1 Bb4 31. Raf1 Qa2 32. Bc1 Qxa4 33. Nxh3 Kb8 34. Ng5 Be7 35. Nf7 Rh7 36. Rf5 Rhg7 37. Nh6 Rh8 38. Rxh5 Rgh7 39. g4 Nb4 40. b3 Qa2 41. Rg2 Qb1 42. Bd2 Qxc2 43. Nf5 Bc5 44. Rg3 Qxb3 45. Rgh3 Rxh5 46. gxh5 a4 47. h6 a3 48. Qg2 a2 49. Qg7 Qg8 50. Qxg8+ Rxg8 51. h7 Rh8 0-1


[Site "https://www.chess.com"]

[Event "Titled Tuesday Blitz March 14 Late 2023"]
[White "Vlassov, Nikolai"]
[Black "Popov, Mikhail"]
[WhiteFideId "4103360"]
[BlackFideId "4146182"]
[WhiteElo "2324"]
[BlackElo "2270"]
[Result "1/2-1/2"]
[Round "05"]
[TimeControl "180+1"]
[Date "2023.03.14"]
[WhiteClock "0:00:13"]
[BlackClock "0:00:06"]

1. e4 g6 2. Nc3 Bg7 3. h4 h5 4. Nf3 d6 5. Bc4 Bg4 6. d4 Nc6 7. Be3 e5 8. Ne2 Bxf3 9. gxf3 exd4 10. Nxd4 Nxd4 11. Bxd4 Bxd4 12. Qxd4 Qf6 13. O-O-O Qxd4 14. Rxd4 Ne7 15. Bb5+ Kf8 16. Rhd1 a6 17. Bc4 Nc6 18. Rd5 Re8 19. a4 Kg7 20. c3 Rhf8 21. Rg1 Kh6 22. Kd2 f5 23. exf5 Ne5 24. Rxe5 Rxe5 25. Rxg6+ Kh7 26. Be6 Rexf5 27. Bxf5 Rxf5 28. Re6 Rxf3 29. Re7+ Kg6 30. Rxc7 Rxf2+ 31. Kc1 Rf4 32. Rxb7 Rxa4 33. b4 Ra2 34. Rb6 Kf5 35. Rxd6 Kg4 36. Rd4+ Kg3 37. c4 a5 38. b5 Ra4 39. Kb2 Rb4+ 40. Kc3 Rb1 41. Kc2 Rb4 42. Kc3 Rb1 43. Re4 a4 44. Kc2 Rb4 45. Kc3 Rb1 46. Kc2 Rb4 47. Kc3 Rb1 1/2-1/2


[Site "https://www.chess.com"]

[Event "Titled Tuesday Blitz March 14 Late 2023"]
[White "Weetik, Vjacheslav"]
[Black "Wang, Alexander J"]
[WhiteFideId "4153472"]
[BlackFideId "30955270"]
[WhiteElo "2469"]
[BlackElo "2233"]
[Result "1-0"]
[Round "05"]
[TimeControl "180+1"]
[Date "2023.03.14"]
[WhiteClock "0:00:27"]
[BlackClock "0:00:57"]

1. d4 d5 2. c4 e6 3. Nc3 c5 4. e3 Nf6 5. Nf3 Nc6 6. a3 a6 7. dxc5 Bxc5 8. b4 Ba7 9. Bb2 O-O 10. Qc2 d4 11. exd4 Bxd4 12. O-O-O e5 13. Ng5 h6 14. h4 g6 15. Nf3 Bf5 16. Bd3 e4 17. Nxe4 Nxe4 18. Bxe4 Bxb2+ 19. Qxb2 Qc7 20. Bxf5 Qf4+ 21. Qd2 Qxf5 22. Qxh6 Ne5 23. Ng5 Nd3+ 24. Rxd3 Qf4+ 25. Re3 Qxc4+ 26. Kb1 Rfe8 27. Qh7+ Kf8 28. Qh8# 1-0


[Site "https://www.chess.com"]

[Event "Titled Tuesday Blitz March 14 Late 2023"]
[White "Winslow, Elliott"]
[Black "Fernandez, Maria Florencia"]
[WhiteFideId "2002523"]
[BlackFideId "116459"]
[WhiteElo "2206"]
[BlackElo "2155"]
[Result "1/2-1/2"]
[Round "05"]
[TimeControl "180+1"]
[Date "2023.03.14"]
[WhiteClock "0:00:18"]
[BlackClock "0:00:12"]

1. d4 Nf6 2. c4 e6 3. Nf3 Bb4+ 4. Nbd2 d5 5. a3 Be7 6. Qc2 O-O 7. e4 Nxe4 8. Nxe4 dxe4 9. Qxe4 c5 10. dxc5 Bxc5 11. Bd3 f5 12. Qe2 Nc6 13. O-O e5 14. Nxe5 Nxe5 15. Qxe5 Bxf2+ 16. Rxf2 Qxd3 17. Qd5+ Qxd5 18. cxd5 Rd8 19. Rd2 b6 20. d6 Bb7 21. b4 Rac8 22. Bb2 Rd7 23. Rc1 Rxc1+ 24. Bxc1 Kf7 25. h4 g6 26. Rd4 Ke6 27. Bf4 Rd8 28. Kf2 Bc6 29. Rd3 Rc8 30. Re3+ Be4 31. g3 Rc2+ 32. Re2 Rc3 33. Re3 Rc2+ 34. Re2 Rc3 35. Re3 Rc4 36. Ke1 h6 37. Kd2 g5 38. hxg5 hxg5 39. Bxg5 Kxd6 40. Bf4+ Kd5 41. Rc3 Rd4+ 42. Ke2 Bh1 43. Rd3 Kc4 44. Rxd4+ Kxd4 45. Kd2 Kc4 46. Kc2 Be4+ 47. Kb2 b5 48. Be3 a6 49. Bf4 Kd3 50. Be5 Bd5 51. Bf4 Bc4 52. Be5 Ke4 53. Bf4 Kf3 54. Bc7 Ke4 55. Kc3 Kd5 56. Bf4 Be2 57. Bb8 Bf3 58. Bf4 Be4 59. Bg5 Bb1 60. Bf4 Ba2 61. Bg5 Bc4 62. Bf4 Ke4 63. a4 Kf3 64. a5 Ke4 65. Bc7 Bf1 66. Bf4 Bc4 67. Bd6 Kd5 68. Bf4 Bf1 69. Bc7 Kc6 70. Bf4 Kd5 71. Bc7 Kc6 72. Bf4 Kd5 1/2-1/2


[Site "https://www.chess.com"]

[Event "Titled Tuesday Blitz March 14 Late 2023"]
[White "Womacka, Mathias"]
[Black "Sakun, Volodymyr"]
[WhiteFideId "4611390"]
[BlackFideId "14114062"]
[WhiteElo "2377"]
[BlackElo "2331"]
[Result "0-1"]
[Round "05"]
[TimeControl "180+1"]
[Date "2023.03.14"]
[WhiteClock "0:00:15"]
[BlackClock "0:00:13"]

1. e4 e5 2. Nf3 Nc6 3. Bb5 Nf6 4. O-O d6 5. d4 exd4 6. Nxd4 Bd7 7. Bxc6 bxc6 8. Qf3 c5 9. Nf5 g6 10. Nh6 Bxh6 11. Bxh6 Ng4 12. Bg7 Rg8 13. Bc3 Qg5 14. Qg3 Qe7 15. Na3 f6 16. h3 Ne5 17. f4 Nc6 18. e5 dxe5 19. fxe5 f5 20. e6 Bxe6 21. Rfe1 Kf7 22. Re3 Nd4 23. Rae1 Qd7 24. Qh4 g5 25. Qxh7+ Rg7 26. Qh5+ Kg8 27. Kh1 Bf7 28. Qh6 Rg6 29. Qh5 Rg7 30. Qd1 Bd5 31. Re5 f4 32. Bxd4 Qxh3+ 0-1


[Site "https://www.chess.com"]

[Event "Titled Tuesday Blitz March 14 Late 2023"]
[White "Yang, Kevin"]
[Black "Liu, Casper"]
[WhiteFideId "30908485"]
[BlackFideId "1454153"]
[WhiteElo "2055"]
[BlackElo "2221"]
[Result "1/2-1/2"]
[Round "05"]
[TimeControl "180+1"]
[Date "2023.03.14"]
[WhiteClock "0:00:08"]
[BlackClock "0:00:10"]

1. d4 Nf6 2. Nf3 g6 3. Nc3 Bg7 4. Bf4 d6 5. h4 Nbd7 6. e3 c5 7. Be2 O-O 8. Qd2 a6 9. a4 h5 10. Ng5 Qb6 11. O-O e5 12. dxe5 dxe5 13. Bg3 Rd8 14. Bc4 Rf8 15. a5 Qc6 16. Qd3 Ne8 17. Bd5 Qf6 18. Nce4 Qe7 19. Nc3 Qf6 20. f4 c4 21. Qxc4 Nd6 22. Qd3 Nc5 23. Qe2 Qe7 24. b4 Bg4 25. Qd2 Nd7 26. Rae1 Rad8 27. Na4 Nf6 28. Nb6 Nxd5 29. Nxd5 Qe8 30. fxe5 Bxe5 31. Bxe5 Qxe5 32. Nf6+ Kg7 33. Nxg4 hxg4 34. Qf2 Nf5 35. e4 g3 36. Qc5 Qxc5+ 37. bxc5 Nxh4 38. e5 Rde8 39. Rf4 Nf5 40. Nf3 f6 41. exf6+ Kxf6 42. Rxe8 Rxe8 43. Kf1 g5 44. Rb4 Re7 45. Rb6+ Kg7 46. Nxg5 Ne3+ 47. Kg1 Nxc2 48. Ne6+ Kf7 49. Ng5+ Kg7 50. Nf3 Ne3 51. Rb4 Nd5 52. Rg4+ Kf7 53. Rxg3 Rc7 54. Rg5 Rxc5 55. Rh5 Rxa5 56. Rh7+ Kg6 57. Rxb7 Ra1+ 58. Kh2 a5 59. Ne5+ Kf5 60. Nc6 a4 61. Rb5 Ke6 62. Nd4+ Ke5 63. Nc2 Ra2 64. Rxd5+ Kxd5 65. Nb4+ Kc4 66. Nxa2 Kb3 67. g4 Kxa2 68. g5 a3 69. g6 Kb1 70. g7 a2 71. g8=Q a1=Q 72. Qg6+ Ka2 73. Qa6+ Kb1 74. Qd3+ Ka2 75. Qc4+ Kb1 76. Qf1+ Ka2 77. Qxa1+ Kxa1 1/2-1/2


[Site "https://www.chess.com"]

[Event "Titled Tuesday Blitz March 14 Late 2023"]
[White "Yeletsky, Ivan"]
[Black "Svane, Rasmus"]
[WhiteFideId "24180327"]
[BlackFideId "4657101"]
[WhiteElo "2414"]
[BlackElo "2597"]
[Result "1/2-1/2"]
[Round "05"]
[TimeControl "180+1"]
[Date "2023.03.14"]
[WhiteClock "0:00:05"]
[BlackClock "0:00:05"]

1. b4 e5 2. Bb2 Bxb4 3. Bxe5 Nf6 4. c3 Be7 5. e3 O-O 6. d4 d5 7. Bxf6 Bxf6 8. Nd2 Bf5 9. g3 Nd7 10. Bg2 Nb6 11. Ne2 Rc8 12. a4 c6 13. a5 Na8 14. O-O b5 15. axb6 axb6 16. c4 dxc4 17. Nxc4 c5 18. e4 Bg4 19. e5 Bg5 20. d5 b5 21. Nd6 Rb8 22. h3 Bd7 23. Ne4 c4 24. Nd4 Nb6 25. e6 fxe6 26. dxe6 Be8 27. Ra7 Nc8 28. Rd7 Bxd7 29. exd7 Qxd7 30. Nxg5 Nb6 31. Qh5 g6 32. Qh4 Rfd8 33. Nc6 c3 34. Kh2 Nc4 35. Bd5+ Kh8 36. Qd4+ Qg7 37. Nf7+ Kg8 38. Nfxd8+ Kh8 39. Nf7+ Kg8 40. Nfe5+ Kh8 41. Nxc4 Qxd4 42. Nxd4 bxc4 43. Nc2 Rb1 44. Rc1 Rxc1 45. Ne3 c2 46. Bxc4 Rh1+ 47. Kxh1 c1=Q+ 48. Kg2 Qd2 49. Bd5 Qd4 50. h4 Qe5 51. Bf3 Kg7 52. Ng4 Qd4 53. Ne3 Kf6 54. Ng4+ Ke7 55. Ne3 Kd6 56. Nc2 Qc5 57. Ne3 Ke5 58. Ng4+ Kd4 59. Ne3 Kc3 60. Nd1+ Kd2 61. Ne3 Qd4 62. Kf1 Qa1+ 63. Kg2 Qa2 64. Kf1 Qa6+ 65. Kg2 Qe6 66. Nf1+ Ke1 67. Ne3 Qa2 68. Nd1 Qd2 69. Kg1 Qd3 70. Kg2 Qc2 71. Kg1 Qd2 72. Kg2 h6 73. Kg1 g5 74. hxg5 hxg5 75. g4 Qf4 76. Kg2 Qd2 77. Kg1 Qd3 78. Kg2 Qb3 79. Ne3 Qb2 80. Nd1 Qc2 81. Kg1 Qd3 82. Kg2 Kd2 83. Ne3 Kc3 84. Nd1+ Kd4 85. Ne3 Ke5 86. Nd1 Qd4 87. Ne3 Kf4 88. Nf5 Qd2 89. Ne3 Qa2 90. Nd5+ Ke5 91. Ne3 Qe6 92. Nf5 Qd7 93. Ne3 Kd4 94. Nf5+ Kc3 95. Ne3 Kd2 96. Nc4+ Ke1 97. Ne3 Qd3 98. Nd1 1/2-1/2


[Site "https://www.chess.com"]

[Event "Titled Tuesday Blitz March 14 Late 2023"]
[White "Yelisieiev, Yevhenii"]
[Black "Davidson, Kevin"]
[WhiteFideId "14139642"]
[BlackFideId "2056810"]
[WhiteElo "2447"]
[BlackElo "2151"]
[Result "1-0"]
[Round "05"]
[TimeControl "180+1"]
[Date "2023.03.14"]
[WhiteClock "0:00:37"]
[BlackClock "0:00:08"]

1. d4 Nf6 2. Nf3 g6 3. g3 Bg7 4. Bg2 O-O 5. O-O d6 6. b3 e5 7. dxe5 Ng4 8. Bb2 Nc6 9. c4 dxe5 10. h3 Nh6 11. e4 f5 12. Nc3 Nd4 13. exf5 Nhxf5 14. Re1 Nxf3+ 15. Bxf3 Nd4 16. Bg2 c6 17. Ne4 Bf5 18. Ba3 Re8 19. g4 Bxe4 20. Rxe4 Qa5 21. Bb2 Rad8 22. Qe1 Qa6 23. Bxd4 Rxd4 24. Rxd4 1-0


[Site "https://www.chess.com"]

[Event "Titled Tuesday Blitz March 14 Late 2023"]
[White "Yuan, Qingyu"]
[Black "Petukhov, Dmitry"]
[WhiteFideId "8609772"]
[BlackFideId "4142748"]
[WhiteElo "2359"]
[BlackElo "2311"]
[Result "1-0"]
[Round "05"]
[TimeControl "180+1"]
[Date "2023.03.14"]
[WhiteClock "0:00:11"]
[BlackClock "0:00:23"]

1. d4 e5 2. dxe5 Nc6 3. Nf3 Nge7 4. Bf4 Ng6 5. Bg3 Qe7 6. Nc3 Ncxe5 7. Nd5 Qd6 8. Qd4 f6 9. O-O-O c6 10. Nxf6+ Qxf6 11. Nxe5 d5 12. e4 Be6 13. exd5 O-O-O 14. Bc4 Bxd5 15. Qg4+ Kc7 16. Nd7+ Qd6 17. Bxd5 cxd5 18. Rxd5 Rxd7 19. Rhd1 Be7 20. Bxd6+ Bxd6 21. Qc4+ Kb8 22. Rxd6 Rxd6 23. Rxd6 a6 24. Rd7 Rc8 25. Qb4 Rc7 26. Qd6 1-0


[Site "https://www.chess.com"]

[Event "Titled Tuesday Blitz March 14 Late 2023"]
[White "Sanal, Vahap"]
[Black "TimGrutter03"]
[WhiteFideId "6300545"]
[WhiteElo "2606"]
[BlackElo "2513"]
[Result "1-0"]
[Round "05"]
[TimeControl "180+2"]
[Date "2023.03.14"]
[WhiteClock "0:02:35"]
[BlackClock "0:02:21"]

1. Nf3 Nf6 2. b3 g6 3. Bb2 Bg7 4. g3 O-O 5. Bg2 d6 6. d4 b5 7. O-O Bb7 8. Nbd2 Nbd7 9. c4 bxc4 10. bxc4 c5 11. d5 Qa5 12. Rb1 Rab8 13. Qc2 Nb6 14. Bc3 Qa4 15. Rb3 Nxc4 16. Bxf6 Nxd2 17. Bxg7 Nxf3+ 18. Bxf3 Kxg7 19. Qb2+ Qd4 20. Qxd4+ cxd4 21. Rfb1 1-0


[Site "https://www.chess.com"]